 Dungeon Crawl Stone Soup version 0.22.0-21-g8bd1b0a (webtiles) character file.

12589 Lew the Cleaver (level 11, -10/64 HPs)
             Began as a Gargoyle Fighter on Aug 19, 2018.
             Was an Elder of Hepliaklqana.
             Killed by divine providence
             ... invoked by a meliai
              (16 damage)
             ... on level 12 of the Dungeon.
             The game lasted 00:38:15 (10540 turns).

Lew the Cleaver (Gargoyle Fighter)                 Turns: 10540, Time: 00:38:16

Health: -10/64     AC: 24    Str: 33    XL:     11   Next: 95%
Magic:  9/9        EV: 20    Int:  9    God:    Hepliaklqana [****..]
Gold:   1881       SH: 13    Dex: 15    Spells: 10/10 levels left

rFire    + . .     SeeInvis .   a - +2 war axe
rCold    + . .     Gourm    .   i - +0 shield
rNeg     + . .     Faith    .   c - +3 troll leather armour {Snorg}
rPois    ∞         Spirit   .   F - +1 hat
rElec    +         Reflect  .   s - +1 cloak
rCorr    .         Harm     .   (no gloves)
MR       .....                  y - +2 pair of boots "Imitzi" {rC+}
Stlth    ++........             j - amulet of regeneration
HPRegen  1.00/turn              h - +3 ring of evasion
MPRegen  0.11/turn              w - ring of Egryelia {AC+3 Str+6}

@: mighty, agile, about to teleport
A: reduced essence, repulsion field 1, deformed body, fire resistance 1, low mp
1, negative energy resistance 1, electricity resistance, unbreathing,
petrification resistance, rot immunity, AC +8
a: Recall Ancestor, Ancestor Identity, Transference, Idealise, Renounce Religion


You were on level 12 of the Dungeon.
You worshipped Hepliaklqana.
Hepliaklqana was greatly pleased with you.
You were not hungry.

You visited 2 branches of the dungeon, and saw 13 of its levels.
You also visited: Sewer and Ossuary.

You collected 2421 gold pieces.
You spent 540 gold pieces at shops.

Inventory:

Hand Weapons
 a - a +2 war axe (weapon)
Armour
 c - a +3 troll leather armour (worn) {Snorg}
 i - a +0 shield (worn)
 s - a +1 cloak (worn)
 y - the +2 pair of boots "Imitzi" (worn) {rC+}
   (You bought it in a shop on level 8 of the Dungeon)

   It protects you from cold.
 F - a +1 hat (worn)
 I - a +1 buckler of protection
 L - +0 steam dragon scales
 N - a +3 ring mail
Jewellery
 h - a +3 ring of evasion (left hand)
 j - an amulet of regeneration (around neck)
 l - an uncursed ring of ice
 w - the ring of Egryelia (right hand) {AC+3 Str+6}
   (You found it on level 4 of the Dungeon)

   [ring of protection]

   It affects your AC (+3).
   It affects your strength (+6).
 M - an uncursed ring of stealth {unknown}
Wands
 b - a wand of enslavement (9)
 e - a wand of flame (18)
 n - a wand of random effects (28)
 H - a wand of polymorph (15)
Scrolls
 o - 3 scrolls of amnesia
 q - 5 scrolls of teleportation
 r - 2 scrolls of fog
 t - 8 scrolls of remove curse
 A - 4 scrolls of blinking
 G - 3 scrolls of identify
Potions
 g - 2 potions of lignification
 k - a potion of haste
 m - a potion of might
 p - 3 potions of flight
 v - a potion of magic
 x - 2 potions of brilliance
 z - 3 potions of agility
 B - 3 potions of curing
 D - 2 potions of cancellation
 E - a potion of berserk rage
Miscellaneous
 J - a lightning rod (4/4)
Comestibles
 f - 18 rations


   Skills:
 + Level 9.8 Fighting
 * Level 11.0 Axes
 + Level 9.8 Armour
 + Level 9.8 Shields


You had 10 spell levels left.
You didn't know any spells.
Your spell library contained the following spells:

 Spells                   Type           Power        Failure   Level  Hunger
 Animate Skeleton         Necr           N/A          65%         1    ##.....
 Pain                     Necr           #...         65%         1    ##.....
 Regeneration             Chrm/Necr      #.........   95%         3    ####...
 Vampiric Draining        Necr           #.........   95%         3    ####...
 Animate Dead             Necr           N/A          100%        4    #####..


Dungeon Overview and Level Annotations

Branches:
Dungeon (12/15)            Temple (1/1) D:7            Lair (0/6) D:9
    Orc: D:9-12

Altars:
Ashenzari
Cheibriados
Dithmenos
Elyvilon
Fedhas
Gozag
Hepliaklqana
Kikubaaqudgha
Makhleb
Nemelex Xobeh
Okawaru
Qazlal
Ru
Sif Muna
Trog
Uskayaw
Vehumet
Wu Jian
Xom
Yredelemnul
Zin
The Shining One

Shops:
D:8 [


Innate Abilities, Weirdness & Mutations

You are resistant to torment.
Your stone body is resilient. (AC +8)
You are immune to poison.
You resist negative energy. (rN+)
You are resistant to electric shocks. (rElec)
You can survive without breathing.
You are immune to petrification.
You are immune to rotting.
Your life essence is reduced to manifest your ancestor. (-10% HP)
You are surrounded by a mild repulsion field. (EV +2)
Armour fits poorly on your strangely shaped body.
Your flesh is heat resistant. (rF+)
Your magical capacity is low. (-10% MP)


Message History

You feel agile all of a sudden. The meliai hits you but does no damage.
You block the meliai's attack. The meliai completely misses you.
You block the meliai's attack.
The meliai calls down the wrath of its god upon you.
Something smites you!
* * * LOW HITPOINT WARNING * * *
You miss the meliai. You block the meliai's attack.
The meliai stings you but does no damage.
The meliai completely misses you. x2
You feel better. The meliai barely misses you. You block the meliai's attack.
The meliai mumbles some strange prayers to its god against you.
Something smites you!
* * * LOW HITPOINT WARNING * * *
You block the meliai's attack. The meliai closely misses you.
As you read the scroll of teleportation, it crumbles to dust.
You feel strangely unstable. You block the meliai's attack. x2
The meliai misses you. You block the meliai's attack.
The meliai invokes the aid of its god against you.
Something smites you!
You die...

#########.##.%
#.@yyy)gZ.....
#.#####5#.#...
#. .# #. .. #.
.## #. .. #.
.# #. ##


You could see 3 meliai, a gnoll, a crimson imp and a wyvern skeleton.

Vanquished Creatures
  Snorg (D:11)
  Erolcha (D:9)
  A two-headed ogre (D:8)
  Nergalle (D:11)
  An unseen horror (D:10)
  Pikel (D:5)
  A cyclops (D:9)
  Psyche (D:11)
  A troll (D:9)
  The ghost of Americanboy the Archer, an amateur CeHu (D:4)
  3 hippogriffs
  A wyvern (D:9)
  8 yaks
  A steam dragon (D:10)
  2 orc warriors
  A sky beast (D:11)
  2 necrophages
  A phantom (D:4)
  4 slaves (D:5)
  7 ogres
  3 centaurs
  A crocodile (D:9)
  2 bullfrogs
  A gnoll sergeant (D:12)
  A scorpion (D:5)
  4 killer bees (D:10)
  8 wights
  4 crimson imps
  A centaur zombie (D:5)
  3 hounds
  5 centaur skeletons
  8 orc wizards
  6 orc priests
  A gnoll shaman (D:2)
  3 jellies (D:10)
  Crazy Yiuf (D:3)
  Jessica (D:3)
  Ijyb (D:3)
  An iguana (D:9)
  8 worker ants
  A hexer (D:8)
  7 mummies (Ossuary)
  3 hound skeletons
  16 gnolls
  15 adders
  3 shadow imps
  14 oozes
  An adder skeleton (D:5)
  An adder zombie (D:6)
  3 worms (D:2)
  2 dart slugs (D:1)
  14 leopard geckos
  24 orcs
  13 giant cockroaches
  A gnoll zombie (Ossuary)
  5 goblins
  7 hobgoblins
  10 jackals
  4 quokkas
  2 ball pythons (Sewer)
  9 bats
  12 frilled lizards
  3 hobgoblin zombies (Ossuary)
  A jackal skeleton (D:4)
  A jackal zombie (D:9)
  6 kobolds
  2 kobold zombies (Ossuary)
  An orc zombie (Ossuary)
  2 rats (D:1)
286 creatures vanquished.

Vanquished Creatures (collateral kills)
  An unseen horror (D:8)
  Prince Ribbit (D:9)
  Edmund (D:5)
  An orc warrior (D:8)
  2 sky beasts
  3 ogres
  3 bullfrogs
  A water moccasin skeleton (D:7)
  A killer bee (D:10)
  A howler monkey (D:4)
  A bullfrog zombie (D:5)
  An orc wizard (D:5)
  2 worker ants
  A mummy (Ossuary)
  6 adders
  2 oozes
  An adder skeleton (D:7)
  A worm (D:3)
  2 leopard geckos (Sewer)
  5 orcs
  3 giant cockroaches
  A hobgoblin (D:2)
  2 jackals
  2 quokkas
  4 ball pythons
  8 frilled lizards (Sewer)
  A kobold (D:3)
  A kobold zombie (Ossuary)
  A rat (D:3)
60 creatures vanquished.

Vanquished Creatures (others)
  A yak (D:11)
  6 hexers
  3 ancestors
10 creatures vanquished.

Grand Total: 356 creatures vanquished

Notes
Turn   | Place    | Note
-------+----------+-------------------------------------------
     0 | D:1      | Lew the Gargoyle Fighter began the quest for the Orb.
     0 | D:1      | Reached XP level 1. HP: 14/14 MP: 1/1
   180 | D:1      | Reached skill level 2 in Axes
   184 | D:1      | Reached XP level 2. HP: 18/19 MP: 2/2
   529 | D:1      | Reached XP level 3. HP: 23/23 MP: 3/3
   713 | D:2      | Found a hazy altar of Hepliaklqana.
   719 | D:2      | Became a worshipper of Hepliaklqana the Forgotten
   817 | D:2      | Reached XP level 4. HP: 26/26 MP: 4/4
   818 | D:2      | Reached skill level 3 in Axes
   826 | D:2      | Reached XP level 5. HP: 27/29 MP: 5/5
   932 | D:2      | Found a radiant altar of Vehumet.
   970 | D:2      | Found a sacrificial altar of Ru.
  1002 | D:2      | Found an opulent altar of Gozag.
  1221 | D:2      | Found a deep blue altar of Sif Muna.
  1311 | D:3      | Noticed Ijyb
  1339 | D:3      | Killed Ijyb
  1616 | D:3      | Found a runed door.
  1709 | D:3      | Found a bloodstained altar of Trog.
  1712 | D:3      | Reached XP level 6. HP: 30/34 MP: 6/6
  1826 | D:3      | Noticed Jessica
  1840 | D:3      | Killed Jessica
  2148 | D:3      | Reached * piety under Hepliaklqana
  2312 | D:3      | Noticed Crazy Yiuf
  2328 | D:3      | Killed Crazy Yiuf
  2328 | D:3      | Reached skill level 4 in Axes
  2521 | D:4      | Found a runed door.
  2537 | D:4      | Noticed Americanboy's ghost (amateur CeHu)
  2685 | D:4      | Found a snail-covered altar of Cheibriados.
  2714 | D:4      | Reached XP level 7. HP: 39/39 MP: 7/7
  2739 | D:4      | Found an iron altar of Okawaru.
  2893 | D:4      | Got a smoking marble ring
  2937 | D:4      | Found a sand-covered staircase.
  2942 | Ossuary  | Entered an ossuary
  3119 | Ossuary  | Reached skill level 5 in Shields
  3125 | Ossuary  | Reached skill level 5 in Fighting
  3353 | D:4      | Identified the ring of Egryelia {AC+3 Str+6} (You found it on level 4 of the Dungeon)
  3656 | D:4      | Reached skill level 5 in Armour
  3698 | D:4      | Reached skill level 5 in Axes
  3959 | D:4      | Killed Americanboy's ghost
  3959 | D:4      | Reached XP level 8. HP: 23/45 MP: 8/8
  4127 | D:5      | Entered Level 5 of the Dungeon
  4286 | D:5      | Noticed Edmund
  4311 | D:5      | Killed Edmund
  4311 | D:5      | Reached skill level 6 in Axes
  4398 | D:5      | Found a blossoming altar of Fedhas.
  4424 | D:5      | Reached ** piety under Hepliaklqana
  4425 | D:5      | Remembered your ancestor Hitler as a hexer
  4677 | D:5      | Found a glowing golden altar of the Shining One.
  4679 | D:5      | Noticed Pikel
  4693 | D:5      | Gained mutation: Armour fits poorly on your strangely shaped body. [potion of mutation]
  4693 | D:5      | Gained mutation: Your flesh is heat resistant. (rF+) [potion of mutation]
  4693 | D:5      | Gained mutation: Your magical capacity is low. (-10% MP) [potion of mutation]
  4693 | D:5      | Gained mutation: You are surrounded by a mild repulsion field. (EV +2) [potion of mutation]
  4713 | D:5      | Killed Pikel
  4713 | D:5      | Reached skill level 7 in Axes
  4713 | D:5      | Reached XP level 9. HP: 35/50 MP: 8/8
  5022 | D:6      | Found a glowing drain.
  5037 | Sewer    | Entered a sewer
  5941 | D:7      | Found an ornate altar of the Wu Jian Council.
  5981 | D:7      | Found a staircase to the Ecumenical Temple.
  6044 | D:7      | Found a burning altar of Makhleb.
  6415 | D:7      | Reached *** piety under Hepliaklqana
  6422 | D:7      | Reached skill level 8 in Axes
  6761 | Temple   | Entered the Ecumenical Temple
  7001 | D:8      | Noticed a two-headed ogre
  7017 | D:8      | Killed a two-headed ogre
  7017 | D:8      | Reached XP level 10. HP: 29/57 MP: 9/9
  7102 | D:8      | Killed an unseen horror
  7356 | D:8      | Found Biatoif's Armour Shop.
  7360 | D:8      | Bought the +2 pair of boots "Imitzi" {rC+} for 342 gold pieces
  7360 | D:8      | Bought a +1 buckler of protection for 198 gold pieces
  7944 | D:9      | Reached skill level 9 in Axes
  7948 | D:9      | Noticed Erolcha
  7959 | D:9      | Killed Erolcha
  8204 | D:9      | Reached XP level 11. HP: 59/62 MP: 9/9
  8321 | D:9      | Noticed Prince Ribbit
  8327 | D:9      | Killed Prince Ribbit
  8330 | D:9      | Reached **** piety under Hepliaklqana
  8385 | D:9      | Reached skill level 10 in Axes
  8486 | D:9      | Found a staircase to the Lair.
  8727 | D:9      | Found a sparkling altar of Nemelex Xobeh.
  8742 | D:9      | Noticed a cyclops
  8755 | D:9      | Killed a cyclops
  8819 | D:9      | Noticed a hand axe
  8820 | D:9      | Found a hide-covered altar of Uskayaw.
  8821 | D:9      | Noticed a hand axe
  9115 | D:10     | Entered Level 10 of the Dungeon
  9436 | D:10     | Killed an unseen horror
 10106 | D:11     | Noticed Snorg
 10107 | D:11     | Noticed Psyche
 10111 | D:11     | Identified a scroll of acquirement
 10124 | D:11     | Killed Psyche
 10141 | D:11     | Killed Snorg
 10241 | D:11     | Noticed Nergalle
 10247 | D:11     | Noticed a spectral orc warlord
 10267 | D:11     | Killed Nergalle
 10267 | D:11     | Reached skill level 11 in Axes
 10501 | D:12     | Noticed a deep elf mage
 10540 | D:12     | Killed from afar by a meliai

Skill      XL: |  1  2  3  4  5  6  7  8  9 10 11 |
---------------+----------------------------------+-----
Axes           | 2 3 4 5 7 8 9 11 | 11.0
Fighting       | 4 5 6 7 8 9 |  9.8
Shields        | 4 5 6 7 8 9 |  9.8
Armour         | 4 5 6 7 8 9 |  9.8

Action                   |  1- 3 |  4- 6 |  7- 9 | 10-12 || total
-------------------------+-------+-------+-------+-------++-------
Melee: War axe           |    85 |   146 |   372 |   374 ||   977
Invok: Ancestor Identity |     1 |     1 |       |       ||     2
       Recall Ancestor   |     1 |       |     1 |     1 ||     3
       Ancestor Life: He |       |       |     1 |       ||     1
       Transference      |       |       |       |     1 ||     1
Evoke: Wand              |       |       |       |     4 ||     4
  Use: Scroll            |     5 |     1 |    15 |     4 ||    25
       Potion            |     2 |     3 |     8 |     8 ||    21
 Stab: Distracted        |       |       |     5 |     3 ||     8
       Confused          |       |       |     2 |     2 ||     4
       Invisible         |       |       |       |     3 ||     3
  Eat: Ration            |       |     2 |     3 |     1 ||     6
       Chunk             |       |     1 |     4 |     7 ||    12
Armor: Scale mail        |    52 |    15 |       |       ||    67
       Leather armour    |       |    33 |   112 |    56 ||   201
       Troll leather arm |       |       |       |    42 ||    42
       Chain mail        |       |       |       |    29 ||    29
       Ring mail         |       |       |       |    21 ||    21
Dodge: Dodged            |    30 |    76 |   161 |   225 ||   492
Block: Shield            |    47 |    94 |   192 |   250 ||   583
